 Dungeon Crawl Stone Soup version 0.29.1-4-g47bece8355 (webtiles) character file.

Game seed: 14681049556953162363

51 ChadusMaximus the Caller (level 4, -1/30 HPs)
             Began as a Human Summoner on Dec 7, 2022.
             Succumbed to an adder's poison
             ... on level 2 of the Dungeon.
             The game lasted 00:02:40 (2117 turns).

ChadusMaximus the Caller (Human Summoner)           Turns: 2117, Time: 00:02:41

Health: -1/30      AC:  2    Str:  8    XL:     4   Next: 7%
Magic:  0/7        EV: 12    Int: 18    God:
Gold:   111        SH:  0    Dex: 13    Spells: 2/8 levels left

rFire   . . .      SeeInvis .   c - +0 short sword
rCold   . . .      Faith    .   (no shield)
rNeg    . . .      Spirit   .   a - +0 robe
rPois   .          Reflect  .   (no helmet)
rElec   .          Harm     .   (no cloak)
rCorr   .          Rampage  .   (no gloves)
Will    .....                   (no boots)
Stlth   ++........              (no amulet)
HPRegen 0.10/turn               (no ring)
MPRegen 0.10/turn               (no ring)

@: lethally poisoned (-1 -> -8), very slightly contaminated
A: no striking features
a: no special abilities


You were on level 2 of the Dungeon.
You visited 1 branch of the dungeon, and saw 2 of its levels.

You collected 111 gold pieces.

Inventory:

Hand Weapons
 c - a +0 short sword (weapon)
Armour
 a - a +0 robe (worn)
 e - a +0 tower shield
Scrolls
 d - a scroll of enchant armour {unknown}
 f - a scroll of identify {unknown}
Potions
 b - a potion of magic


   Skills:
 + Level 2.6 Dodging
 + Level 2.6 Stealth
 + Level 2.5 Spellcasting
 + Level 4.3 Summonings


You had 2 spell levels left.
You knew the following spells:

 Your Spells              Type           Power      Damage    Failure   Level
a - Summon Small Mammal   Summ           72%        N/A       2%          1
b - Call Canine Familiar  Summ           18%        N/A       9%          3
c - Call Imp              Summ           18%        N/A       4%          2

Your spell library contained the following spells:

 Spells                   Type           Power      Damage    Failure   Level
 Summon Guardian Golem    Hex/Summ       10%        N/A       22%         3
 Summon Lightning Spire   Summ/Air       10%        N/A       56%         4


Dungeon Overview and Level Annotations

Branches:
Dungeon (2/15)

Altars:


Message History

The adder poisons you!
Your hound bites the adder.
The adder barely misses your hound.
You miss the adder.
The adder is almost dead.
You feel sick.
Your hound disappears in a puff of smoke!
The adder barely misses you. The goblin hits you with a +0 dagger.
You closely miss the adder.
The adder is almost dead.
You feel sick. The adder bites you. The goblin hits you with a +0 dagger.
Unknown command.
Casting: Call Canine Familiar (quite dangerous; 9% risk of failure)
Confirm with . or Enter, or press ? or * to list all spells.
The spell is quite dangerous to miscast (9% risk of failure)!
Continue anyway?
You miscast Call Canine Familiar.
You are very lightly contaminated with residual magic.
Nothing appears to happen.
You feel sick. The adder bites you. x2
The goblin hits you but does no damage.
Okay, then.
Casting: Call Canine Familiar (quite dangerous; 9% risk of failure)
Confirm with . or Enter, or press ? or * to list all spells.
The spell is quite dangerous to miscast (9% risk of failure)!
Continue anyway?
You miscast Call Canine Familiar.
Nothing appears to happen.
You feel sick. The adder bites you.
* * * LOW HITPOINT WARNING * * *
The goblin closely misses you.
You feel sick.
The goblin throws a silver boomerang.
The silver boomerang hits you but does no damage.
* * * LOW HITPOINT WARNING * * *
The adder attacks as you move away! The adder bites you.
* * * LOW HITPOINT WARNING * * *
You are lethally poisoned!
The adder poisons you!
* * * LOW HITPOINT WARNING * * *
You feel sick.
The goblin throws a silver boomerang.
The silver boomerang completely misses you.
The adder misses you.
You see here a scroll labelled CIUWONTEOMM.
The adder attacks as you move away! The adder misses you.
You die...

#.. #†# #.# ###.###
######...g.## ####
#.....>.....##...
#................
#..###.?S...##.##
#..###@........# .#
#..##..........#.##.
#..##............l..
#..##.......<.##.
#..##.........#
#<.##.#.....#.#
#...........#.###.#
#.###............#
#...........#####.#.


You could see an adder and a goblin.

Vanquished Creatures
  A gnoll (D:2)
  2 bats (D:1)
  3 endoplasms (D:1)
  2 giant cockroaches (D:1)
  A goblin (D:1)
  A hobgoblin (D:1)
  2 quokkas
  A ball python (D:1)
  A frilled lizard (D:2)
  4 rats (D:1)
18 creatures vanquished.

Vanquished Creatures (collateral kills)
  A gnoll (D:2)
  3 bats
  A goblin (D:1)
  A hobgoblin (D:1)
  3 kobolds (D:1)
  A quokka (D:2)
  2 ball pythons (D:1)
12 creatures vanquished.

Grand Total: 30 creatures vanquished

Notes
Turn   | Place    | Note
-------+----------+-------------------------------------------
     0 | D:1      | ChadusMaximus the Human Summoner began the quest for the
                  | Orb.
     0 | D:1      | Reached XP level 1. HP: 13/13 MP: 3/3
   242 | D:1      | Reached XP level 2. HP: 19/19 MP: 1/5
   942 | D:1      | Reached XP level 3. HP: 19/24 MP: 6/6
  1688 | D:1      | Learned a level 3 spell: Call Canine Familiar
  1691 | D:1      | Learned a level 2 spell: Call Imp
  1828 | D:2      | Reached XP level 4. HP: 10/30 MP: 0/7
  2116 | D:2      | HP: 1/30 [poisoned by an adder]
  2117 | D:2      | Succumbed to an adder's poison

Illustrated notes

Levels and vault maps discovered:
D:1:      lightli_arrival_lavapool, layout_loops_corners,
          chequers_serial_rivers_micro_c, minmay_unequal
D:2:      minmay_alternating_diamond, layout_loops_ring,
          shapermc_ecumenical_altar_notcrosses

Action                   |  1- 3 |  4- 6 || total
-------------------------+-------+-------++-------
Melee: Unarmed           |     6 |       ||     6
       Short sword       |    85 |    10 ||    95
       Punch             |     1 |     1 ||     2
 Cast: Summon Small Mamm |    14 |       ||    14
       Call Canine Famil |     2 |     3 ||     5
       Call Imp          |     1 |       ||     1
 Stab: Sleeping          |     3 |       ||     3
       Distracted        |     1 |       ||     1
Armor: Robe              |    42 |     3 ||    45
Dodge: Dodged            |    74 |    11 ||    85
